 Dungeon Sprint DCSS version 0.17-a0-1311-gbcbd859 (webtiles) character file.

1698 Kidiri the Covert (level 8, 0/43 HPs)
             Began as a Spriggan Enchanter on June 8, 2015.
             Was a Follower of Dithmenos.
             Shot with an arrow by a centaur warrior (3 damage)
             ... in the Dungeon (Sprint I: "Red Sonja").
             The game lasted 00:03:50 (567 turns).

Kidiri the Covert (Spriggan Enchanter)               Turns: 567, Time: 00:03:51

Health: 0/43       AC:  4    Str:  4    XL:     8   Next: 72%
Magic:  15/20      EV: 29    Int: 17    God:    Dithmenos [*.....]
Gold:   495        SH:  0    Dex: 18    Spells: 4 memorised, 13 levels left

rFire  . . .     SeeInvis +     a - +1 dagger
rCold  . . .     Clarity  .     b - +1 robe
rNeg   . . .     SustAt   .     (shield restricted)
rPois  .         Gourm    .     p - +1 hat
rElec  .         Spirit   .     (no cloak)
rCorr  .         Warding  .     (gloves unavailable)
rMut   .         NoTele   +     (boots unavailable)
MR     +....                    (no amulet)
Stlth  ++++......               (no ring)
                                (no ring)

@: wreathed by umbra, very quick, somewhat resistant to hostile enchantments,
stealthy
A: unfitting armour, see invisible, herbivore 3, speed 3, slow metabolism 2
a: Renounce Religion


You were in the Dungeon.
You worshipped Dithmenos.
Dithmenos was aware of your devotion.
You were not hungry.

You visited 1 branch You collected 649 gold pieces.
You spent 154 gold pieces at shops.

Inventory:

Hand weapons
 a - a +1 dagger (weapon)
 l - a +0 blowgun
 m - a +0 dagger of distortion
 o - the +7 quarterstaff of Sulphur {freeze, rPois Int-4 Dex+5}
   (You found it in the Dungeon)

   It has been specially enchanted to freeze those struck by it, causing extra
   injury to most foes and up to half again as much damage against particularly
   susceptible opponents.
   It can also slow down cold-blooded creatures.
   It affects your intelligence (-4).
   It affects your dexterity (+5).
   It protects you from poison.
Missiles
 n - 7 curare-tipped needles
Armour
 b - a +1 robe (worn)
 p - a +1 hat (worn)
Scrolls
 j - a scroll of blinking
 q - a scroll of enchant armour {unknown}
Potions
 e - a potion of curing
 f - a potion of heal wounds
 g - a potion of haste
 h - 2 potions of magic
 i - a potion of berserk rage
 k - 2 potions of might {unknown}
Books
 c - a book of Maledictions

   Spells                             Type                      Level
   a - Corona                         Hexes                        1
   b - Ensorcelled Hibernation        Hexes/Ice                    2
   c - Confuse                        Hexes                        3
   d - Tukima's Dance                 Hexes                        3
   e - Dazzling Spray                 Conjuration/Hexes            3
Comestibles
 d - a bread ration


   Skills:
 + Level 5.0 Fighting
 * Level 9.6 Short Blades
 + Level 2.1 Throwing
 * Level 12.4 Dodging
 * Level 13.7 Stealth
 + Level 7.8 Spellcasting
 + Level 8.3 Hexes
 + Level 4.7 Ice Magic
 + Level 1.9 Invocations


You had 13 spell levels left.
You knew the following spells:

 Your Spells              Type           Power        Failure   Level  Hunger
a - Corona                Hex            ####...      1%          1    None
b - Ensorcelled Hibernat  Hex/Ice        ####..       1%          2    None
c - Confuse               Hex            ####....     1%          3    #......
d - Tukima's Dance        Hex            ####....     1%          3    #......


Dungeon Overview and Level Annotations

Branches:
Dungeon (1/1)

Altars:
Cheibriados
Dithmenos
Elyvilon
Fedhas
Gozag
Kikubaaqudgha
Makhleb
Nemelex Xobeh
Okawaru
Qazlal
Ru
Sif Muna
Trog
Vehumet
Xom
Yredelemnul
Zin
The Shining One
Jiyva

Shops:
D (([


Innate Abilities, Weirdness & Mutations

You are tiny and cannot use many weapons and most armour.
You have supernaturally acute eyesight.
You are a herbivore.
You cover ground extremely quickly.
You need consume almost no food.


Message History

Aim: a centaur warrior (umbra, chance to defeat MR: 75%)
The centaur warrior's hands twitch.
The centaur warrior shoots an arrow.
The arrow completely misses you. The centaur warrior barely misses you.
The centaur warrior completely misses you.
Casting: Tukima's Dance
Confirm with . or Enter, or press ? or * to list all spells.
Aiming: Ensorcelled Hibernation
Press: ? - help, Shift-Dir - straight line, f/p - centaur warrior
Aim: a centaur warrior (umbra, chance to defeat MR: 39%)
The centaur warrior easily resists.
The centaur warrior shoots an arrow.
The arrow completely misses you. The centaur warrior hits you!
* * * LOW HITPOINT WARNING * * *
The centaur warrior shoots an arrow.
The arrow misses you.
You enter the shallow water.
Moving in this stuff is going to be slow.
The centaur warrior completely misses you.
The centaur warrior shoots an arrow.
The arrow hits you!
* * * LOW HITPOINT WARNING * * *
The arrow burns you.
You die...

####################
.#..)..#.)'..#__#..+
.)..#..'..#..'..'..#
.#####'#####'#__####
.####..#...#(####§$#
.#__####..##.#§§§§c#
.#_..__##'#..+§§§§§+
⌠#_.∩..%'..._#§§@c§#
##_..._##_.#'##§####
#_____###'#.#§§[)###
##########.####'###.##
........'...'%....'[∩#
#++++####...##########
##.## #+#


You could see 2 centaur warriors.

Vanquished Creatures
  Sonja (D)
  A deep troll (D)
  A slime creature (D)
  Sigmund (D)
  A yak (D)
  An ogre (D)
  A jelly (D)
  Ijyb (D)
8 creatures vanquished.

Vanquished Creatures (others)
  A gargoyle (D)
1 creature vanquished.

Grand Total: 9 creatures vanquished

Notes
Turn   | Place    | Note
--------------------------------------------------------------
     0 | D        | Kidiri the Spriggan Enchanter began the quest for the Orb.
     0 | D        | Reached XP level 1. HP: 9/9 MP: 5/5
     2 | D        | Noticed Ijyb
    20 | D        | Killed Ijyb
    20 | D        | Reached skill level 1 in Fighting
    20 | D        | Reached skill level 5 in Dodging
    20 | D        | Reached skill level 6 in Stealth
    20 | D        | Reached XP level 2. HP: 11/14 MP: 5/7
    24 | D        | Learned a level 2 spell: Ensorcelled Hibernation
    91 | D        | Noticed an ogre
    94 | D        | Killed an ogre
    94 | D        | Reached skill level 7 in Stealth
    94 | D        | Reached skill level 5 in Hexes
    94 | D        | Reached skill level 1 in Ice Magic
    94 | D        | Reached XP level 3. HP: 16/18 MP: 3/9
    94 | D        | Reached XP level 4. HP: 20/23 MP: 3/11
   163 | D        | Learned a level 3 spell: Confuse
   167 | D        | Learned a level 3 spell: Tukima's Dance
   169 | D        | Killed a gargoyle
   180 | D        | Noticed Sigmund
   183 | D        | Killed Sigmund
   183 | D        | Reached skill level 8 in Dodging
   183 | D        | Reached skill level 9 in Stealth
   183 | D        | Reached skill level 5 in Spellcasting
   183 | D        | Reached XP level 5. HP: 26/28 MP: 11/13
   208 | D        | Found a snail-covered altar of Cheibriados.
   208 | D        | Found a viscous altar of Jiyva.
   208 | D        | Found a shadowy altar of Dithmenos.
   208 | D        | Found a blossoming altar of Fedhas.
   208 | D        | Noticed a slime creature
   214 | D        | Killed a slime creature
   214 | D        | Reached skill level 11 in Stealth
   214 | D        | Reached XP level 6. HP: 24/32 MP: 12/16
   216 | D        | Became a worshipper of Dithmenos the Shadowed
   300 | D        | Found a deep blue altar of Sif Muna.
   301 | D        | Noticed a jelly
   302 | D        | Found a radiant altar of Vehumet.
   306 | D        | Killed a jelly
   341 | D        | Found Utine's Antique Weapon Emporium.
   341 | D        | Found a white marble altar of Elyvilon.
   341 | D        | Found a stormy altar of Qazlal.
   341 | D        | Found a burning altar of Makhleb.
   341 | D        | Found a sacrificial altar of Ru.
   341 | D        | Found a basalt altar of Yredelemnul.
   341 | D        | Found a glowing golden altar of the Shining One.
   341 | D        | Found a sparkling altar of Nemelex Xobeh.
   341 | D        | Found a shimmering altar of Xom.
   341 | D        | Found an opulent altar of Gozag.
   341 | D        | Found an ancient bone altar of Kikubaaqudgha.
   341 | D        | Found a glowing silver altar of Zin.
   341 | D        | Noticed a yak
   342 | D        | Found an iron altar of Okawaru.
   343 | D        | Killed a yak
   343 | D        | Reached skill level 10 in Dodging
   343 | D        | Reached XP level 7. HP: 37/37 MP: 17/17
   344 | D        | Found a bloodstained altar of Trog.
   356 | D        | Noticed Sonja
   360 | D        | Killed Sonja
   360 | D        | Reached skill level 13 in Stealth
   360 | D        | Reached XP level 8. HP: 40/42 MP: 18/20
   387 | D        | Found Xealu's Weapon Boutique.
   507 | D        | Noticed a deep troll
   511 | D        | Killed a deep troll
   511 | D        | Reached skill level 5 in Fighting
   511 | D        | Reached skill level 1 in Invocations
   522 | D        | Found Elustryhu's Armour Emporium.
   526 | D        | Got a scorched quarterstaff
   527 | D        | Identified the +7 quarterstaff of Sulphur {freeze, rPois Int-4 Dex+5} (You found it in the Dungeon)
   539 | D        | Bought a +1 hat for 154 gold pieces
   562 | D        | Noticed a centaur warrior
   562 | D        | Noticed a centaur warrior
   567 | D        | Shot with an arrow by a centaur warrior

Vault maps used:
D:        dungeon_sprint_1

Action                   |  1- 3 |  4- 6 |  7- 9 || total
-------------------------+-------+-------+-------++-------
Melee: Dagger            |    13 |     6 |     3 ||    22
 Cast: Corona            |     2 |       |       ||     2
       Ensorcelled Hiber |     2 |     1 |     3 ||     6
       Tukima's Dance    |       |       |     1 ||     1
 Stab: Sleeping          |     2 |     5 |     2 ||     9
